 Dungeon Crawl Stone Soup version 0.27-a0-920-gb2bd10914a (webtiles) character file.

Game seed: 17414969613160002192

34 mightbedylan the Conjurer (level 3, -6/24 HPs)
             Began as a Human Conjurer on Apr 9, 2021.
             Mangled by Terence
             ... wielding a +0 mace
              (12 damage)
             ... on level 2 of the Dungeon.
             The game lasted 00:10:26 (1705 turns).

mightbedylan the Conjurer (Human Conjurer)          Turns: 1705, Time: 00:10:28

Health: -6/24      AC:  2    Str:  7    XL:     3   Next: 50%
Magic:  2/6        EV: 12    Int: 19    God:
Gold:   83         SH:  0    Dex: 11    Spells: 5/6 levels left

rFire    . . .     SeeInvis .   b - +0 falchion
rCold    . . .     Faith    .   (no shield)
rNeg     . . .     Spirit   .   a - +0 robe
rPois    .         Reflect  .   (no helmet)
rElec    .         Harm     .   (no cloak)
rCorr    .         Rampage  .   (no gloves)
Will     .....     Clarity  +   (no boots)
Stlth    ++........             (no amulet)
HPRegen  0.08/turn              (no ring)
MPRegen  0.10/turn              (no ring)

@: no status effects
A: hooves 1, clarity
a: no special abilities


You were on level 2 of the Dungeon.
You visited 1 branch of the dungeon, and saw 2 of its levels.

You collected 83 gold pieces.

Inventory:

Hand Weapons
 b - a +0 falchion (weapon)
 g - a +0 hunting sling
Armour
 a - a +0 robe (worn)
Scrolls
 c - a scroll of teleportation {unknown}
 e - a scroll of noise {unknown}
 i - a scroll of amnesia {unknown}
Potions
 d - a potion of resistance
 f - a potion of mutation


   Skills:
 + Level 0.1 Fighting
 + Level 0.6 Long Blades
 + Level 2.1 Dodging
 + Level 2.1 Stealth
 + Level 2.2 Spellcasting
 + Level 4.7 Conjurations


You had 5 spell levels left.
You knew the following spells:

 Your Spells              Type           Power      Damage    Failure   Level
a - Magic Dart            Conj           76%        1d6       2%          1

Your spell library contained the following spells:

 Spells                   Type           Power      Damage    Failure   Level
 Searing Ray              Conj           38%        3d4       3%          2
 Dazzling Flash           Conj/Hex       22%        N/A       19%         3
 Stone Arrow              Conj/Erth      22%        3d8       19%         3
 Corpse Rot               Necr/Air       N/A        N/A       26%         2
 Fulminant Prism          Conj/Hex       5%         3d7       54%         4
 Iskenderun's Mystic Bla  Conj/Tloc      11%        2d4       54%         4
 Hydra Form               Tmut           1%         N/A       99%         5
 Summon Forest            Summ/Tloc      1%         N/A       99%         5
 Eringya's Noxious Bog    Tmut/Pois      1%         N/A       100%        6
 Summon Hydra             Summ           1%         N/A       100%        7


Dungeon Overview and Level Annotations

Branches:
Dungeon (2/15)

Altars:

Annotations:
D:2 Terence


Innate Abilities, Weirdness & Mutations

You have large cloven feet.
You possess an exceptional clarity of mind.


Message History

Confirm with . or Enter, or press ? or * to list all spells.
Aiming: Magic Dart (safe; 2% risk of failure)
Press: ? - help, Shift-Dir - straight line, f/p - Terence
Aim: Terence, wielding a +0 mace and wearing a +0 ring mail (moderately wounded, 0% to evade)
The magic dart hits Terence but does no damage.
Terence is moderately wounded.
You closely miss Terence.
Terence is moderately wounded.
Terence hits you with a +0 mace. x2
You hit Terence.
Terence is moderately wounded.
Terence closely misses you.
You completely miss Terence. You kick Terence.
Terence is heavily wounded.
Terence barely misses you.
You riposte.
You hit Terence but do no damage.
Terence is heavily wounded.
Your magical contamination has completely faded away.
You completely miss Terence.
Terence is heavily wounded.
Terence closely misses you.
You hit Terence but do no damage. You kick Terence, but do no damage.
Terence is heavily wounded.
Terence closely misses you. Terence misses you.
You hit Terence but do no damage. You kick Terence.
Terence is heavily wounded.
Terence hits you with a +0 mace.
* * * LOW HITPOINT WARNING * * *
You barely miss Terence.
Terence is heavily wounded.
Terence barely misses you.
You barely miss Terence.
Terence is heavily wounded.
Terence barely misses you.
You barely miss Terence.
Terence is heavily wounded.
Terence closely misses you.
You riposte.
You hit Terence.
Terence is severely wounded.
Terence hits you with a +0 mace!
Ouch! That really hurt!
You die...

..# #.##.##.##.####..#......#.
..######.##.##.##............#...
.......#..<..#.###......####.#.##
.......#.....#.###>.<........#.#
...............#.......#######.#
.......#.....###.#.....# #.#
#......#.>>..# #†#.....# #.#
##.#######.### #.####### #.# ##.#
#.# #@# #.# ## .......@...#
.#.#..##....$... #.#....
......#.. #.. ..#..... ..
##.##.##.# . #.# .# # ... ..


You could see Terence.

Vanquished Creatures
  An adder (D:2)
  A dart slug (D:1)
  A bat (D:1)
  3 endoplasms (D:1)
  A giant cockroach (D:1)
  2 goblins (D:1)
  2 hobgoblins (D:1)
  2 kobolds
  A quokka (D:1)
  3 ball pythons (D:1)
  2 frilled lizards (D:1)
  3 rats (D:1)
22 creatures vanquished.

Vanquished Creatures (others)
  6 plants (D:2)
6 creatures vanquished.

Grand Total: 28 creatures vanquished

Notes
Turn   | Place    | Note
-------+----------+-------------------------------------------
     0 | D:1      | mightbedylan the Human Conjurer began the quest for the
                  | Orb.
     0 | D:1      | Reached XP level 1. HP: 13/13 MP: 3/3
   322 | D:1      | Reached XP level 2. HP: 19/19 MP: 1/5
  1063 | D:1      | Reached XP level 3. HP: 24/24 MP: 4/6
  1687 | D:2      | Gained mutation: You possess an exceptional clarity of
                  | mind. [potion of mutation]
  1687 | D:2      | Gained mutation: You have large cloven feet. [potion of
                  | mutation]
  1690 | D:2      | Noticed Terence
  1705 | D:2      | Mangled by Terence

Illustrated notes

Levels and vault maps discovered:
D:1:      amcnicky_arrival_single_pillar, layout_basic, minmay_misc_feat_square,
          hangedman_decor_growths, roderic_lattice_a
D:2:      layout_loops_cross, basic_altar, serial_forest,
          infiniplex_forest_clump_small, infiniplex_forest_clump_curved,
          infiniplex_forest_clump_small, infiniplex_forest_clump_long,
          infiniplex_forest_lined_2, infiniplex_forest_clump_small,
          infiniplex_forest_straight_3, infiniplex_forest_corner_2, uniq_terence

Action                   || total
-------------------------++-------
Melee: Unarmed           ||     5
       Falchion          ||    50
       Kick              ||     3
 Cast: Magic Dart        ||    25
  Use: Potion            ||     4
Armor: Robe              ||     4
Dodge: Dodged            ||    43
       Rpst.: Falchion   ||    11

Table legend: (Time is in decaauts)
 A = Elapsed time spent in this place.
 B = Non-inter-level travel time spent in this place.
 C = Inter-level travel time spent in this place.
 D = Time resting spent in this place.
 E = Time spent auto-exploring this place.
 F = Levels seen in this place.
 G = Mean time per level.
                   A        B        C        D        E       F      G
               +--------+--------+--------+--------+--------+-----+--------+
         Total |   1718 |   1714 |      4 |      0 |   1405 |   2 |  859.0 |
       Dungeon |   1718 |   1714 |      4 |      0 |   1405 |   2 |  859.0 |
               +--------+--------+--------+--------+--------+-----+--------+

Top non-repeatable levels by time:
     D:1: 1476 daAuts
     D:2: 242 daAuts
